 Dungeon Crawl Stone Soup version 0.24.1 (webtiles) character file.

Game seed: 12484177064270780448, levelgen mode: deterministic

4994 Destapler the Archer (level 10, -3/73 HPs)
             Began as a Centaur Arcane Marksman on Apr 5, 2020.
             Was a Believer of Qazlal.
             Slain by an orc warrior
             ... wielding a +1 glaive of venom
              (20 damage)
             ... on level 10 of the Dungeon.
             The game lasted 00:49:34 (12451 turns).

Destapler the Archer (Centaur Arcane Marksman)     Turns: 12451, Time: 00:49:35

Health: -3/73      AC: 14    Str: 13    XL:     10   Next: 29%
Magic:  13/14      EV: 11    Int: 12    God:    Qazlal [**....]
Gold:   514        SH:  4    Dex: 19    Spells: 12/15 levels left

rFire    . . .     SeeInvis .   b - +1 whip (pain)
rCold    . . .     Gourm    .   (no shield)
rNeg     . . .     Faith    .   e - +1 robe
rPois    .         Spirit   .   s - +1 helmet
rElec    .         Reflect  +   B - +1 cloak
rCorr    .         Harm     .   D - +0 pair of gloves
MR       .....                  (no barding)
Stlth    +.........             K - +2 amulet of reflection
HPRegen  0.22/turn              N - +6 ring of dexterity
MPRegen  0.14/turn              r - +4 ring of protection

@: lethally poisoned (-3 -> -20), very quick
A: large, hooves 3, deformed body, speed 2, tough skin 3
a: Upheaval, Renounce Religion


You were on level 10 of the Dungeon.
You worshipped Qazlal.
Qazlal was pleased with you.
You were hungry.

You visited 2 branches of the dungeon, and saw 11 of its levels.
You also visited: Ossuary.

You collected 514 gold pieces.

Inventory:

Hand Weapons
 a - a +0 shortbow
 b - a +1 whip of pain (weapon)
Missiles
 i - 129 poisoned darts
 t - 13 boomerangs
 v - 4 throwing nets (quivered)
Armour
 e - a +1 robe (worn)
 s - a +1 helmet (worn)
 y - a +0 leather armour
 B - a +1 cloak (worn)
 D - a +0 pair of gloves (worn)
Jewellery
 r - a +4 ring of protection (right hand)
 z - a +3 ring of strength
 G - an uncursed ring of protection from fire
 K - a +2 amulet of reflection (around neck)
 N - a +6 ring of dexterity (left hand)
 R - an uncursed ring of protection from cold {unknown}
Wands
 m - a wand of random effects (34)
 C - a wand of digging (6)
 J - a wand of flame (19)
 O - a wand of iceblast (9)
 Q - a wand of paralysis (8)
Scrolls
 c - a scroll of acquirement {unknown}
 g - 3 scrolls of teleportation {unknown}
 n - 4 scrolls of enchant armour
 o - 5 scrolls of amnesia {unknown}
 q - a scroll of blinking {unknown}
 u - a scroll of remove curse
 x - a scroll of magic mapping
 F - a scroll of fear
 H - a scroll of fog {unknown}
 I - a scroll of identify
 L - 2 scrolls of enchant weapon {unknown}
 M - a scroll of random uselessness {unknown}
Potions
 h - 2 potions of haste
 j - 4 potions of lignification
 k - a potion of resistance
 l - 6 potions of curing
 p - a potion of degeneration
 w - 2 potions of berserk rage
 A - 2 potions of flight {unknown}
 E - 2 potions of heal wounds
Comestibles
 f - 20 rations


   Skills:
 - Level 2.0 Fighting
 + Level 11.7 Bows
 - Level 3.0 Armour
 - Level 2.0 Dodging
 - Level 3.0 Spellcasting
 - Level 8.0 Hexes
 + Level 1.4 Invocations
 + Level 5.8 Evocations


You had 12 spell levels left.
You knew the following spells:

 Your Spells              Type           Power        Failure   Level  Hunger
a - Corona                Hex            ###....      1%          1    #......
b - Slow                  Hex            ###.....     1%          2    ###....

Your spell library contained the following spells:

 Spells                   Type           Power        Failure   Level  Hunger
 Cause Fear               Hex            ###.......   9%          4    #####..
 Inner Flame              Hex/Fire       ##......     14%         3    ###....
 Portal Projectile        Hex/Tloc       ##....       14%         3    ###....
 Sandblast                Erth           #.....       24%         1    #......
 Passwall                 Tmut/Erth      #.......     36%         2    ###....
 Leda's Liquefaction      Hex/Erth       ##........   43%         4    #####..
 Stone Arrow              Conj/Erth      #.....       58%         3    ###....
 Petrify                  Tmut/Erth      #.......     94%         4    #####..
 Lee's Rapid Deconstruct  Erth           #.........   100%        5    ######.


Dungeon Overview and Level Annotations

Branches:
Dungeon (10/15)            Temple (1/1) D:7         Ossuary (visited)
   Lair: D:8-11         Orc: D:9-12

Altars:
Ashenzari
Cheibriados
Dithmenos
Elyvilon
Fedhas
Gozag
Hepliaklqana
Kikubaaqudgha
Makhleb
Nemelex Xobeh
Okawaru
Qazlal
Ru
Sif Muna
Trog
Uskayaw
Vehumet
Wu Jian
Xom
Yredelemnul
Zin
The Shining One

Shops:
D:4 (


Innate Abilities, Weirdness & Mutations

You have hooves in place of feet.
Armour fits poorly on your strangely shaped body.
You cover ground very quickly.
You have extremely tough skin. (AC +3)


Message History

The orc warrior is severely wounded.
* * * LOW HITPOINT WARNING * * *
You feel sick.
Throwing (i - inventory. (/) - cycle)
i - 130 poisoned darts (quivered)
Press: ? - help, Shift-Dir - straight line, f/p - orc warrior
Aim: an orc warrior, wielding a +1 glaive of venom and wearing a +0 chain mail (severely wounded, slow)
You throw a poisoned dart. The poisoned dart hits the orc warrior.
The orc warrior is poisoned.
The orc warrior is severely wounded.
* * * LOW HITPOINT WARNING * * *
You feel sick.
You are too injured to fight recklessly!
You are too injured to fight recklessly!
You are too injured to fight recklessly!
* * * LOW HITPOINT WARNING * * *
You feel sick.
You have a feeling of ineptitude.
b - a +1 whip of pain (weapon)
The orc warrior hits you with a +1 glaive of venom!!
You die...

### #.# .. . #@#
.... ...
#o###.....
.....###(<.......
........()....###
.........(....#
.......(......#
#####.((......#
#(........#
#(.(...(..#


You could see an orc warrior.

Vanquished Creatures
  A troll (D:9)
  A hippogriff (D:8)
  Eustachio (D:4)
  A hungry ghost (D:8)
  Menkaure (D:7)
  A water moccasin (D:9)
  An ice beast (D:5)
  4 ogres
  3 orc warriors
  A necrophage (D:8)
  A sky beast (D:5)
  The ghost of Fukker the Twirler, an amateur CeGl (D:3)
  A phantom (D:8)
  2 wolves (D:9)
  4 centaurs
  4 bullfrogs
  A wyvern skeleton (D:6)
  A water moccasin zombie (Ossuary)
  3 scorpions
  5 wights (D:9)
  4 howler monkeys
  2 crimson imps
  A bullfrog zombie (D:10)
  A quasit (D:5)
  3 hounds
  5 orc priests
  3 iguanas
  3 bullfrog skeletons
  2 centaur skeletons
  13 orc wizards
  Ijyb (D:5)
  Natasha (thrice) (D:2)
  9 worker ants
  2 big kobold zombies (Ossuary)
  2 mummies (Ossuary)
  6 gnolls
  9 adders
  2 shadow imps (D:7)
  2 adder skeletons
  6 adder zombies (Ossuary)
  7 worms
  2 dart slugs
  9 leopard geckos
  38 orcs
  3 giant cockroaches
  2 gnoll zombies (Ossuary)
  10 goblins
  9 hobgoblins
  18 jackals
  3 quokkas
  6 bats
  5 frilled lizards
  6 hobgoblin zombies (Ossuary)
  A jackal skeleton (D:6)
  2 jackal zombies
  7 kobolds
  9 kobold zombies (Ossuary)
  5 orc zombies (Ossuary)
  A quokka skeleton (D:5)
  5 rats
265 creatures vanquished.

Notes
Turn   | Place    | Note
-------+----------+-------------------------------------------
     0 | D:1      | Destapler the Centaur Arcane Marksman began the quest for
                  | the Orb.
     0 | D:1      | Reached XP level 1. HP: 16/16 MP: 2/2
   126 | D:1      | Reached XP level 2. HP: 5/23 MP: 3/3
   541 | D:1      | Reached skill level 3 in Bows
  1212 | D:2      | Noticed Natasha
  1222 | D:2      | Noticed a crimson imp
  1359 | D:2      | Reached XP level 3. HP: 28/28 MP: 1/4
  1405 | D:2      | Killed Natasha
  1632 | D:2      | Noticed Natasha
  1635 | D:2      | Killed Natasha
  1635 | D:2      | Reached XP level 4. HP: 36/36 MP: 4/6
  1762 | D:2      | Noticed Natasha
  1768 | D:2      | Killed Natasha
  1861 | D:2      | Reached skill level 4 in Bows
  2060 | D:2      | Reached XP level 5. HP: 40/41 MP: 7/7
  2081 | D:2      | Found a shimmering blue altar of Sif Muna.
  2489 | D:3      | Found a glowing golden altar of the Shining One.
  2562 | D:3      | You fall into a shaft and drop 1 floor!
  2570 | D:4      | Found a blossoming altar of Fedhas.
  2597 | D:4      | Found a bloodstained altar of Trog.
  2958 | D:4      | Found Namuha's Antique Weapon Shoppe.
  2974 | D:4      | Found an ornate altar of the Wu Jian Council.
  2990 | D:3      | Reached XP level 6. HP: 36/48 MP: 9/9
  3195 | D:3      | Reached skill level 5 in Bows
  3540 | D:3      | Found an iron altar of Okawaru.
  3803 | D:3      | Found a faded altar of an unknown god.
  4188 | D:3      | Found a runed translucent door.
  4188 | D:3      | Noticed Fukker's ghost (amateur CeGl)
  4230 | D:3      | Killed Fukker's ghost
  4665 | D:4      | Reached XP level 7. HP: 48/55 MP: 11/11
  5093 | D:4      | Reached skill level 6 in Bows
  5299 | D:5      | Entered Level 5 of the Dungeon
  5338 | D:5      | Learned a level 2 spell: Slow
  5397 | D:5      | Reached skill level 5 in Hexes
  5426 | D:5      | Reached skill level 7 in Bows
  5539 | D:5      | Noticed Ijyb
  5556 | D:5      | Killed Ijyb
  5556 | D:5      | Reached skill level 8 in Bows
  5927 | D:5      | Noticed Eustachio
  5990 | D:4      | HP: 1/55 [quokka[Eustachio] (2)]
  5994 | D:4      | Killed Eustachio
  5994 | D:4      | Reached skill level 1 in Evocations
  5994 | D:4      | Reached XP level 8. HP: 2/61 MP: 12/12
  6359 | D:5      | Reached skill level 1 in Armour
  6669 | D:6      | Found a glowing silver altar of Zin.
  6915 | D:5      | Reached skill level 9 in Bows
  7225 | D:6      | Found a basalt altar of Yredelemnul.
  7943 | D:7      | Found a sand-covered staircase.
  7950 | Ossuary  | Entered an ossuary
  8039 | Ossuary  | Reached XP level 9. HP: 66/67 MP: 13/13
  8186 | Ossuary  | Got a jewelled quarterstaff
  8187 | Ossuary  | Identified the +2 quarterstaff of Regicide {crush, MR-
                  | Int+5} (You found it in an ossuary)
  8293 | D:7      | Noticed Menkaure
  8300 | D:7      | Killed Menkaure
  8429 | D:7      | Reached skill level 10 in Bows
  8652 | D:7      | Found a glowing golden altar of the Shining One.
  8727 | D:7      | Found a staircase to the Ecumenical Temple.
  8739 | Temple   | Entered the Ecumenical Temple
  8955 | Temple   | Became a worshipper of Qazlal Stormbringer
  9138 | D:7      | Found a snail-covered altar of Cheibriados.
  9363 | D:8      | Found a sparkling altar of Nemelex Xobeh.
 10528 | D:8      | Reached * piety under Qazlal
 10528 | D:8      | Reached skill level 11 in Bows
 10528 | D:8      | Reached skill level 5 in Evocations
 11139 | D:9      | Reached XP level 10. HP: 61/73 MP: 9/14
 11768 | D:10     | Entered Level 10 of the Dungeon
 11781 | D:10     | Found a burning altar of Makhleb.
 11814 | D:9      | Reached ** piety under Qazlal
 12029 | D:9      | Reached skill level 1 in Invocations
 12451 | D:10     | Slain by an orc warrior

Levels and vault maps discovered:
D:1:      dpeg_arrival_connections, layout_loops_corners
D:2:      minmay_inner_zag, layout_basic, nicolae_overflow_crystal_walls,
          first_ration, uniq_natasha
D:3:      minmay_recursive_quarters, layout_basic, tso_oasis_becter,
          chequers_ecumenical_altar_simple, gammafunk_ghost_grave,
          ebering_dispersal_statue_hall, minmay_misc_feat_doors,
          okawaru_gym_becter
D:4:      layout_loops_ring, lemuel_crystal_altar, fedhas_altar_3,
          kennysheep_mini_moat, serial_shops, shop,
          hangedman_abyss_or_decor_passed
D:5:      layout_basic, uniq_eustachio, uniq_ijyb
D:6:      layout_basic, kennysheep_mini, basic_altar, hangedman_decor_opposing
D:7:      layout_loops_ring, slow_altar_1, minmay_temple_entry_large_hall,
          basic_altar, enter_ossuary_1, uniq_menkaure
D:8:      layout_cave_pods, nemelex_xobeh_ov_fountains_minmay, grunt_ogre_cave
D:9:      layout_irregular_city
D:10:     layout_irregular_city, erik_lair_island, basic_altar,
          lemuel_centaur_altar
Temple:   dpeg_chambers_temple

Skill      XL: |  1  2  3  4  5  6  7  8  9 10 |
---------------+-------------------------------+-----
Bows           | 3 4 5 8 9 11 | 11.7
Hexes          | 3 4 5 6 7 8 |  8.0
Fighting       | 2 |  2.0
Dodging        | 2 |  2.0
Spellcasting   | 2 3 |  3.0
Evocations     | 1 3 5 |  5.8
Armour         | 2 3 |  3.0
Invocations    | 1 |  1.4

Action                   |  1- 3 |  4- 6 |  7- 9 | 10-12 || total
-------------------------+-------+-------+-------+-------++-------
Melee: Whip              |    25 |    44 |    55 |       ||   124
       Kick              |     2 |    12 |    14 |       ||    28
       Shortbow          |       |     4 |     1 |       ||     5
 Fire: Shortbow          |    71 |   186 |   796 |   172 ||  1225
Throw: Throwing net      |       |       |     3 |       ||     3
       Dart              |       |       |    10 |     2 ||    12
 Cast: Corona            |    14 |    32 |    62 |    15 ||   123
       Slow              |       |       |    66 |    21 ||    87
Evoke: Wand              |       |       |     5 |       ||     5
  Use: Scroll            |       |     7 |     4 |       ||    11
       Potion            |       |       |     2 |       ||     2
  Eat: Chunk             |     2 |     8 |    21 |     5 ||    36
Armor: Robe              |    17 |    49 |   257 |    32 ||   355
Dodge: Dodged            |    19 |    88 |   284 |    38 ||   429
Block: Other             |       |       |     8 |    13 ||    21
       Reflection        |       |       |     1 |       ||     1
